Map: Old Estate

Players

FlashGordon

  • Race: Protoss Protoss
  • Spawn Location: 7:00

biff

  • Race: Terran Terran
  • Spawn Location: 7:00

AllenY

  • Race: Protoss Protoss
  • Spawn Location: 9:00

Makiabelo

  • Race: Protoss Protoss
  • Spawn Location: 7:00

Tribals

  • Race: Terran Terran
  • Spawn Location: 1:00

ItzJuaNkrlOz

  • Race: Protoss Protoss
  • Spawn Location: 3:00

TTeRAN

  • Race: Terran Terran
  • Spawn Location: 1:00

Infamous

  • Race: Protoss Protoss
  • League: Silver
  • Spawn Location: 3:00

VOD

Have the link to the VOD?

Description

Time

  • Played on: April 1, 2018, 2:38 p.m.
  • Length: 16:49
Show
View Real Time Build Order
Export as new Build Order

FlashGordon Protoss 

Build Orders:  

Get SALT Encoding   

  12  0:04  Probe (Chrono Boost)  
  14  0:15  Probe (Chrono Boost)  
  14  0:20  Probe (Chrono Boost)  
  15  0:34  Pylon  
  15  0:46  Assimilator  
  15  1:02  Gateway  
  15  1:06  Forge  
  15  1:09  Probe (Chrono Boost)  
  17  1:19  Probe (Chrono Boost)  
  17  1:22  Pylon  
  17  1:24  Probe (Chrono Boost)  
  18  1:44  Nexus  
  18  1:51  Probe  
  19  2:03  Probe  
  19  2:06  Cybernetics Core  
  20  2:15  Probe  
  21  2:17  Assimilator  
  21  2:27  Probe (Chrono Boost)  
  21  2:29  Photon Cannon  
  22  2:39  Probe (Chrono Boost)  
  23  2:47  Probe (Chrono Boost)  
  24  2:57  Probe  
  25  3:07  Assimilator  
  25  3:09  Probe (Chrono Boost)  
  26  3:13  Assimilator  
  26  3:15  Pylon  
  26  3:22  Probe (Chrono Boost)  
  27  3:29  Probe (Chrono Boost)  
  27  3:30  Pylon  
  28  3:36  Probe  
  29  3:41  Stargate  
  29  3:44  Stargate  
  29  3:46  Pylon  
  29  3:48  Probe  
  30  3:50  Photon Cannon  
  30  4:02  Probe (Chrono Boost)  
  31  4:05  Probe (Chrono Boost)  
  32  4:17  Probe x2 (Chrono Boost)  
  34  4:21  Probe (Chrono Boost)  
  34  4:23  Protoss Air Weapons Level 1  
  35  4:24  Probe  
  35  4:26  Protoss Shields Level 1  
  36  4:34  Cybernetics Core  
  36  4:36  Probe  
  37  4:42  Fleet Beacon  
  37  4:51  Pylon, Probe (Chrono Boost)  
  40  5:01  Probe (Chrono Boost)  
  40  5:02  Probe (Chrono Boost)  
  40  5:06  Probe (Chrono Boost)  
  40  5:09  Probe  
  40  5:13  Protoss Air Armor Level 1  
  42  5:17  Probe (Chrono Boost)  
  44  5:21  Probe (Chrono Boost)  
  44  5:33  Probe (Chrono Boost)  
  44  5:35  Probe (Chrono Boost)  
  46  5:39  Carrier  
  46  5:40  Assimilator  
  52  5:45  Graviton Catapult  
  52  5:53  Assimilator  
  52  5:56  Nexus  
  52  6:00  Pylon  
  52  6:09  Carrier  
  58  6:18  Pylon  
  58  6:22  Pylon  
  58  6:26  Pylon x2  
  58  6:31  Robotics Facility  
  58  6:34  Pylon  
  58  6:42  Stargate  
  58  6:47  Protoss Air Weapons Level 2  
  58  7:09  Probe  
  58  7:12  Carrier  
  65  7:21  Probe  
  66  7:24  Pylon  
  66  7:28  Pylon  
  66  7:31  Pylon  
  66  7:33  Probe  
  66  7:35  Carrier  
  66  7:36  Pylon  
  73  7:43  Photon Cannon  
  73  7:45  Probe  
  73  7:50  Photon Cannon  
  74  7:54  Photon Cannon  
  74  7:57  Probe  
  75  8:10  Probe  
  76  8:14  Carrier  
  76  8:17  Protoss Air Armor Level 2  
  82  8:21  Observer  
  82  8:22  Probe  
  84  8:34  Probe, Pylon  
  85  8:42  Carrier, Observer  
  85  8:43  Pylon  
  85  8:46  Probe  
  93  8:52  Stargate  
  93  8:55  Pylon  
  93  9:01  Pylon  
  93  9:03  Pylon  
  93  9:04  Observer  
  93  9:05  Carrier  
  100  9:28  Protoss Air Weapons Level 3  
  100  9:36  Carrier  
  106  9:50  Twilight Council  
  106  10:05  Stargate  
  106  10:06  Stargate  
  106  10:13  Stargate  
  106  11:32  Carrier  
  106  11:33  Carrier x2  
  124  12:19  Carrier  
  130  12:58  Carrier x3  
  136  13:53  Carrier x2  
  148  14:02  Carrier x2  
Show
View Real Time Build Order
Export as new Build Order

biff Terran 

Build Orders: Liberator Opening 

Get SALT Encoding   

  12  0:02  SCV  
  13  0:14  SCV  
  14  0:33  SCV  
  15  0:36  Supply Depot  
  15  0:44  Refinery  
  15  0:47  Refinery  
  15  1:01  Barracks  
  15  1:11  SCV  
  16  1:23  SCV  
  16  1:25  Engineering Bay  
  17  1:35  SCV  
  18  1:55  Marine  
  19  2:12  Supply Depot, Factory  
  19  2:13  Marine  
  20  2:53  SCV  
  20  2:56  Factory Tech Lab  
  21  3:01  Starport  
  21  3:05  SCV  
  22  3:17  SCV  
  23  3:23  Liberator  
  23  3:29  SCV  
  23  3:31  Siege Tank  
  28  3:41  SCV  
  28  3:42  Starport  
  28  3:47  Armory  
  29  3:55  Orbital Command  
  29  4:37  Supply Depot  
  29  4:41  Liberator, Starport Reactor  
  29  4:42  Fusion Core  
  32  5:24  Liberator  
  32  5:25  Liberator  
  38  5:53  Starport Tech Lab  
  38  6:12  Terran Ship Weapons Level 1  
  38  6:21  Liberator  
  38  6:44  Advanced Ballistics  
  35  6:59  Liberator  
  32  7:16  Command Center  
  35  7:37  Refinery  
  35  7:38  Liberator  
  35  7:45  Missile Turret  
  35  7:49  Missile Turret, Refinery  
  38  8:04  Supply Depot  
  38  8:09  Liberator  
  38  8:12  Missile Turret  
  38  8:20  Missile Turret  
  38  8:24  Missile Turret  
  41  8:31  Supply Depot  
  41  8:35  SCV  
  42  8:45  Missile Turret  
  42  8:47  SCV, Liberator  
  43  8:48  Missile Turret  
  43  8:51  Missile Turret  
  43  8:58  Liberator  
  43  8:59  SCV  
  44  9:08  Supply Depot  
  44  9:09  Terran Ship Weapons Level 2  
  47  9:11  SCV  
  51  9:23  SCV  
  52  9:35  Liberator  
  52  9:39  Widow Mine  
  54  9:47  Missile Turret, SCV  
  55  9:59  SCV  
  59  10:00  Widow Mine  
  59  10:06  Liberator x2  
  61  10:11  SCV  
  62  10:24  SCV  
  69  10:31  Liberator  
  69  10:41  Starport  
  72  10:59  Factory  
  72  11:14  Liberator x2  
  78  11:35  Starport Reactor  
  78  11:44  Ghost Academy  
  78  11:50  Factory Reactor  
  78  11:52  Supply Depot  
  78  11:56  Liberator  
  78  12:10  Terran Vehicle And Ship Armor Level 1  
  78  12:13  SCV  
  82  12:19  Personal Cloaking  
  82  12:24  Liberator  
  82  12:26  SCV  
  83  12:34  Missile Turret  
  86  12:48  Supply Depot  
  86  12:52  Liberator  
  86  13:07  Drilling Claws  
  86  13:09  Supply Depot  
  89  13:56  Supply Depot  
  89  14:03  Nuke  
  89  14:08  Widow Mine x2  
  93  14:13  Widow Mine  
  95  14:23  Supply Depot  
  95  14:30  Widow Mine x2  
  99  14:34  Widow Mine  
  101  14:51  Widow Mine x2  
  105  14:56  Widow Mine  
  107  15:12  Widow Mine  
  107  15:13  Widow Mine  
  111  15:17  Widow Mine  
  113  15:38  Widow Mine  
Show
View Real Time Build Order
Export as new Build Order

AllenY Protoss 

Build Orders:  

Get SALT Encoding   

  12  0:03  Probe (Chrono Boost)  
  13  0:13  Probe (Chrono Boost)  
  14  0:17  Probe (Chrono Boost)  
  15  0:34  Pylon  
  15  0:52  Probe  
  15  0:55  Gateway  
  16  1:01  Forge  
  16  1:04  Probe (Chrono Boost)  
  17  1:13  Probe (Chrono Boost)  
  17  1:16  Pylon  
  18  1:23  Probe  
  19  1:35  Probe  
  19  1:38  Photon Cannon  
  20  1:47  Probe  
  21  1:59  Probe (Chrono Boost)  
  22  2:01  Pylon  
  22  2:04  Assimilator  
  22  2:11  Probe (Chrono Boost)  
  23  2:19  Probe (Chrono Boost)  
  24  2:25  Probe  
  25  2:31  Photon Cannon  
  25  2:36  Cybernetics Core  
  25  2:37  Probe  
  26  2:49  Probe  
  27  3:02  Probe (Chrono Boost)  
  27  3:03  Assimilator  
  28  3:14  Probe (Chrono Boost), Pylon  
  29  3:22  Probe (Chrono Boost), Nexus  
  30  3:28  Probe  
  31  3:40  Probe  
  32  3:46  Stargate  
  32  3:49  Pylon  
  32  3:52  Probe  
  32  3:55  Pylon  
  33  4:04  Probe (Chrono Boost)  
  34  4:14  Probe (Chrono Boost)  
  34  4:15  Stargate  
  35  4:19  Probe (Chrono Boost)  
  36  4:31  Probe (Chrono Boost)  
  37  4:40  Probe (Chrono Boost)  
  39  4:49  Probe (Chrono Boost)  
  39  4:50  Probe (Chrono Boost)  
  44  4:53  Void Ray (Chrono Boost)  
  44  4:55  Probe x2 (Chrono Boost)  
  46  5:06  Probe, Assimilator  
  47  5:07  Probe  
  47  5:08  Photon Cannon  
  47  5:12  Void Ray (Chrono Boost), Assimilator  
  48  5:18  Probe  
  48  5:19  Probe  
  54  5:30  Probe  
  54  5:31  Probe  
  54  5:32  Void Ray  
  60  5:43  Probe x2  
  62  5:55  Probe x2  
  68  6:00  Void Ray (Chrono Boost)  
  68  6:07  Probe x2  
  70  6:19  Probe x2  
  70  6:22  Void Ray (Chrono Boost)  
  76  6:31  Probe  
  76  6:32  Probe  
  78  6:44  Void Ray  
  78  7:17  Protoss Air Weapons Level 1 (Chrono Boost)  
  78  7:26  Pylon  
  78  7:32  Photon Cannon  
  78  7:35  Pylon  
  78  7:43  Void Ray  
  78  7:44  Probe x2, Void Ray  
  84  7:46  Fleet Beacon  
  84  7:52  Robotics Facility  
  84  7:56  Probe x2 (Chrono Boost), Photon Cannon  
  90  8:00  Pylon  
  90  8:05  Photon Cannon  
  90  8:08  Probe (Chrono Boost)  
  92  8:14  Probe (Chrono Boost)  
  92  8:17  Probe (Chrono Boost)  
  93  8:21  Probe (Chrono Boost)  
  93  8:22  Probe  
  95  8:32  Probe  
  96  8:36  Carrier  
  102  8:50  Pylon  
  102  8:56  Pylon  
  102  9:01  Protoss Air Armor Level 1 (Chrono Boost)  
  102  9:02  Pylon  
  102  9:08  Carrier  
  108  9:19  Mothership  
  116  9:24  Observer  
  117  9:46  Observer  
  118  10:01  Carrier  
  110  11:04  Carrier  
  108  11:27  Carrier  
  88  12:30  Carrier  
  94  12:53  Carrier  
  94  13:29  Protoss Air Weapons Level 2  
  94  13:38  Stargate  
  94  13:56  Carrier  
  100  14:18  Carrier  
  106  14:35  Carrier  
Show
View Real Time Build Order
Export as new Build Order

Makiabelo Protoss 

Build Orders:  

Get SALT Encoding   

  12  0:13  Probe  
  13  0:20  Pylon  
  13  0:26  Probe  
  14  0:45  Forge  
  14  1:05  Pylon  
  14  1:28  Photon Cannon  
  14  1:29  Photon Cannon  
  14  1:51  Pylon  
  13  2:35  Nexus  
  13  2:48  Nexus  
  13  2:52  Probe (Chrono Boost)  
  14  3:02  Probe (Chrono Boost), Pylon  
  15  3:07  Probe (Chrono Boost)  
  16  3:19  Probe (Chrono Boost)  
  17  3:28  Probe (Chrono Boost)  
  17  3:33  Probe (Chrono Boost)  
  19  3:45  Probe (Chrono Boost)  
  21  3:50  Probe (Chrono Boost)  
  21  3:54  Probe (Chrono Boost)  
  22  3:58  Probe (Chrono Boost)  
  25  4:03  Probe x2 (Chrono Boost)  
  25  4:07  Probe (Chrono Boost)  
  26  4:13  Probe x2 (Chrono Boost)  
  29  4:20  Probe (Chrono Boost)  
  29  4:21  Probe x2 (Chrono Boost)  
  29  4:24  Assimilator  
  31  4:26  Probe (Chrono Boost)  
  31  4:27  Probe (Chrono Boost)  
  31  4:29  Assimilator  
  34  4:31  Probe (Chrono Boost)  
  34  4:38  Probe (Chrono Boost)  
  36  4:43  Probe (Chrono Boost)  
  36  4:45  Probe (Chrono Boost)  
  37  4:48  Probe (Chrono Boost)  
  39  4:53  Probe (Chrono Boost)  
  39  4:57  Probe (Chrono Boost)  
  39  4:59  Probe (Chrono Boost)  
  41  5:05  Probe (Chrono Boost)  
  41  5:07  Probe (Chrono Boost)  
  43  5:10  Assimilator  
  43  5:13  Probe  
  44  5:14  Assimilator  
  44  5:16  Probe  
  45  5:25  Probe  
  45  5:27  Pylon  
  46  5:28  Probe  
  46  5:29  Pylon  
  47  5:41  Probe (Chrono Boost)  
  49  5:45  Probe (Chrono Boost)  
  49  5:51  Probe (Chrono Boost), Assimilator  
  49  5:55  Probe (Chrono Boost)  
  49  5:56  Probe (Chrono Boost), Assimilator  
  52  6:08  Probe (Chrono Boost)  
  52  6:09  Gateway  
  52  6:11  Probe (Chrono Boost)  
  54  6:13  Probe (Chrono Boost)  
  54  6:17  Probe  
  56  6:24  Probe (Chrono Boost), Nexus  
  57  6:30  Probe (Chrono Boost)  
  60  6:40  Probe x2 (Chrono Boost)  
  60  6:41  Pylon  
  60  6:43  Pylon  
  60  6:45  Probe (Chrono Boost)  
  60  6:46  Probe  
  62  6:47  Pylon  
  62  6:59  Cybernetics Core  
  62  7:01  Cybernetics Core  
  62  7:05  Probe (Chrono Boost)  
  63  7:12  Assimilator  
  63  7:15  Probe (Chrono Boost)  
  64  7:16  Assimilator  
  64  7:19  Probe (Chrono Boost)  
  65  7:31  Probe  
  66  7:38  Stargate  
  66  7:40  Stargate  
  66  7:44  Stargate x2  
  66  7:48  Protoss Air Weapons Level 1 (Chrono Boost), Stargate  
  66  7:51  Stargate  
  66  7:55  Probe (Chrono Boost)  
  66  7:57  Protoss Air Armor Level 1 (Chrono Boost)  
  68  8:05  Probe (Chrono Boost)  
  68  8:10  Pylon  
  68  8:13  Pylon  
  68  8:15  Pylon  
  68  8:18  Pylon  
  68  8:21  Photon Cannon  
  68  8:24  Photon Cannon  
  68  8:30  Photon Cannon  
  68  8:37  Fleet Beacon  
  68  8:40  Void Ray x2  
  68  8:41  Void Ray x4  
  92  8:54  Probe (Chrono Boost)  
  94  9:04  Probe (Chrono Boost)  
  94  9:09  Probe (Chrono Boost)  
  94  9:14  Pylon  
  94  9:16  Pylon  
  95  9:21  Pylon  
  95  9:23  Void Ray, Mothership (Chrono Boost)  
  107  9:27  Void Ray  
  107  9:28  Void Ray x3  
  107  9:29  Protoss Air Weapons Level 2 (Chrono Boost), Void Ray  
  127  9:39  Protoss Air Armor Level 2 (Chrono Boost)  
  127  9:42  Probe (Chrono Boost)  
  128  9:52  Probe (Chrono Boost)  
  129  9:57  Pylon, Probe (Chrono Boost)  
  129  9:58  Pylon  
  130  10:01  Pylon  
  130  10:03  Pylon  
  130  10:05  Pylon  
  130  10:06  Void Ray  
  134  10:12  Void Ray x2  
  134  10:13  Void Ray x2  
  134  10:14  Void Ray  
  145  10:58  Void Ray x5  
  145  10:59  Void Ray  
  169  11:11  Probe  
  169  11:17  Protoss Air Weapons Level 3 (Chrono Boost)  
  170  11:20  Protoss Air Armor Level 3 (Chrono Boost)  
  170  11:23  Probe  
  171  11:35  Probe (Chrono Boost)  
  173  11:47  Probe (Chrono Boost)  
  173  11:52  Tempest  
  173  11:53  Tempest  
  185  11:55  Probe (Chrono Boost)  
  186  12:02  Probe  
  186  12:03  Tempest  
  193  12:12  Tempest  
Show
View Real Time Build Order
Export as new Build Order

Tribals Terran 

Build Orders:  

Get SALT Encoding   

  12  0:20  SCV  
  13  0:30  Supply Depot  
  13  0:32  SCV  
  14  0:44  SCV  
  14  0:46  Refinery  
  15  0:55  Barracks  
  15  0:59  Refinery  
  15  1:00  SCV  
  16  1:12  SCV  
  17  1:24  SCV  
  18  1:34  Engineering Bay  
  18  2:07  Barracks Tech Lab  
  18  2:08  Factory  
  18  2:19  Supply Depot  
  18  2:22  Orbital Command  
  18  2:42  Bunker  
  18  2:52  Factory Tech Lab  
  18  3:07  Marauder  
  20  3:28  Marine, Siege Tank  
  24  3:45  SCV  
  24  3:46  Marine  
  26  4:00  Siege Tank  
  29  4:03  Marine  
  30  4:14  Starport  
  30  4:21  Marine  
  31  4:52  Starport Reactor  
  31  5:22  Marauder  
  27  5:31  Viking x2  
  31  6:01  Barracks  
  31  6:23  Armory  
  31  6:32  Marauder  
  31  6:34  SCV  
  30  6:46  SCV  
  31  6:53  Marine, Siege Tank, Viking x2  
  39  7:12  Supply Depot  
  39  7:14  Supply Depot, Barracks Reactor  
  39  7:33  Marine  
  39  7:34  Medivac x2, SCV  
  45  7:37  Supply Depot  
  45  7:51  Marine  
  45  7:55  Siege Tank  
  49  8:03  Missile Turret  
  49  8:04  Medivac x2  
  53  8:19  Command Center  
  53  8:24  Missile Turret  
  53  8:27  Siege Tank  
  53  8:29  Terran Infantry Weapons Level 1  
  56  8:34  Marine x3  
  59  8:52  Marine x3  
  62  9:09  Marine  
  62  9:10  Marine x2  
  65  9:18  Refinery  
  65  9:21  Medivac  
  65  9:22  Medivac  
  69  9:27  Marine x2  
  69  9:29  Concussive Shells  
  69  9:30  Marine  
  72  9:44  Refinery  
  72  10:13  Stimpack  
  72  10:24  Terran Infantry Armor Level 1  
  45  11:11  Orbital Command  
  45  11:20  Fusion Core  
  45  11:24  SCV  
  46  11:36  SCV  
  45  11:46  Starport  
  45  11:48  Starport, SCV  
  45  11:49  Terran Ship Weapons Level 1  
  46  12:00  SCV  
  47  12:12  SCV  
  47  12:13  Combat Shields  
  47  12:14  SCV  
  49  12:26  Starport Reactor  
  49  12:27  Starport, SCV, Starport Reactor  
  50  12:39  SCV  
  51  12:51  SCV  
  52  13:03  SCV  
  53  13:15  Starport Reactor  
  53  13:32  Viking x5  
  53  13:33  Viking  
  65  13:43  Terran Vehicle And Ship Armor Level 1  
  65  13:54  Viking x2  
  69  14:02  Viking x5  
  77  14:03  Viking  
  77  14:24  Viking  
  79  14:32  Viking x2  
  72  14:52  Viking  
  72  14:53  Viking x3  
  72  14:54  Viking  
  84  15:03  Missile Turret  
  84  15:04  Viking  
  84  15:06  Missile Turret  
  10  16:03  Command Center  
Show
View Real Time Build Order
Export as new Build Order

ItzJuaNkrlOz Protoss 

Build Orders:  

Get SALT Encoding   

  12  0:01  Probe (Chrono Boost)  
  13  0:18  Pylon  
  13  0:31  Pylon  
  13  0:33  Probe  
  14  0:54  Forge  
  14  0:58  Gateway  
  14  1:03  Probe (Chrono Boost)  
  15  1:13  Probe (Chrono Boost)  
  16  1:25  Assimilator  
  16  1:55  Nexus  
  16  1:58  Pylon  
  16  2:08  Photon Cannon  
  16  2:12  Photon Cannon  
  16  2:40  Cybernetics Core  
  16  2:52  Assimilator  
  16  2:57  Photon Cannon  
  16  3:00  Photon Cannon  
  16  3:04  Pylon  
  16  3:09  Pylon  
  16  3:10  Probe (Chrono Boost)  
  18  3:20  Probe (Chrono Boost)  
  18  3:37  Probe  
  19  3:44  Protoss Shields Level 1  
  19  3:49  Probe (Chrono Boost)  
  19  3:53  Probe (Chrono Boost)  
  21  3:59  Probe (Chrono Boost)  
  23  4:03  Probe (Chrono Boost)  
  23  4:04  Pylon  
  23  4:08  Pylon  
  23  4:13  Probe (Chrono Boost)  
  25  4:25  Probe (Chrono Boost)  
  25  4:31  Probe (Chrono Boost)  
  26  4:39  Probe  
  26  4:40  Stargate  
  27  4:48  Robotics Facility  
  27  5:07  Pylon  
  27  5:15  Probe (Chrono Boost)  
  28  5:23  Pylon  
  28  5:25  Probe (Chrono Boost)  
  29  5:29  Shield Battery  
  29  5:30  Probe (Chrono Boost)  
  30  5:36  Pylon  
  30  5:39  Photon Cannon  
  30  5:41  Probe  
  31  5:44  Photon Cannon  
  31  5:48  Shield Battery  
  31  5:56  Fleet Beacon  
  31  6:02  Shield Battery  
  31  6:05  Photon Cannon  
  31  6:07  Assimilator  
  31  6:12  Void Ray (Chrono Boost)  
  35  6:29  Photon Cannon  
  35  6:40  Photon Cannon  
  35  6:54  Stargate  
  35  7:00  Stargate  
  35  7:11  Probe (Chrono Boost), Robotics Facility  
  36  7:19  Assimilator  
  36  7:21  Probe (Chrono Boost)  
  37  7:26  Probe (Chrono Boost)  
  38  7:35  Observer  
  39  7:37  Probe  
  40  7:50  Probe (Chrono Boost)  
  42  7:59  Probe (Chrono Boost)  
  42  8:02  Stargate  
  43  8:06  Observer (Chrono Boost)  
  43  8:16  Void Ray  
  47  8:22  Observer (Chrono Boost)  
  47  8:25  Pylon  
  48  8:31  Photon Cannon  
  48  8:34  Shield Battery  
  48  8:38  Observer  
  49  8:57  Pylon  
  49  9:03  Pylon  
  49  9:13  Tempest, Stargate  
  49  9:14  Tempest  
  61  9:18  Tempest  
  67  9:25  Photon Cannon  
  67  9:33  Pylon  
  67  9:36  Nexus  
  67  9:40  Pylon  
  67  9:53  Pylon  
  67  10:05  Assimilator  
  67  10:10  Assimilator  
  34  10:54  Pylon, Probe (Chrono Boost)  
  36  11:04  Probe (Chrono Boost)  
  36  11:08  Tempest  
  36  11:09  Probe (Chrono Boost)  
  56  11:18  Probe (Chrono Boost)  
  57  11:26  Pylon, Probe (Chrono Boost)  
  57  11:29  Probe (Chrono Boost)  
  59  11:33  Probe x2 (Chrono Boost)  
  59  11:36  Photon Cannon  
  56  11:44  Probe  
  41  11:57  Probe  
  36  12:11  Pylon  
  35  12:16  Photon Cannon  
  35  12:19  Photon Cannon  
  35  12:21  Photon Cannon  
  31  12:24  Shield Battery  
  26  12:31  Pylon  
  26  12:38  Void Ray (Chrono Boost)  
  26  12:42  Robotics Bay  
  24  13:13  Void Ray  
  28  13:32  Pylon  
  28  13:33  Observer Gravitic Boosters  
  28  13:35  Protoss Air Armor Level 1 (Chrono Boost)  
  28  13:56  Void Ray  
  32  14:17  Photon Cannon  
  20  15:00  Nexus  
  20  15:08  Photon Cannon  
  19  15:42  Pylon  
  19  15:51  Pylon  
  19  16:28  Stargate  
  19  16:29  Stargate  
  19  16:31  Stargate  
Show
View Real Time Build Order
Export as new Build Order

TTeRAN Terran 

Build Orders: Mech 

Get SALT Encoding   

  12  0:01  SCV  
  13  0:13  SCV  
  14  0:20  Supply Depot  
  14  0:25  SCV  
  15  0:41  SCV  
  16  0:46  Barracks  
  16  0:53  SCV  
  17  1:02  Refinery  
  17  1:06  SCV  
  18  1:19  SCV  
  19  1:36  Marine  
  20  1:47  Orbital Command  
  10  2:19  Orbital Command  
  10  2:26  Marine  
  11  2:39  Supply Depot  
  11  2:49  SCV  
  12  2:59  Command Center  
  12  3:05  Supply Depot  
  12  3:07  Marine  
  12  3:10  SCV  
  14  3:33  Marine  
  15  3:39  SCV  
  15  3:51  Marine  
  16  3:57  SCV  
  16  4:01  Refinery  
  17  4:09  Marine, SCV  
  19  4:11  Orbital Command  
  19  4:22  SCV  
  20  4:26  Marine  
  21  4:34  SCV  
  22  4:41  SCV  
  23  4:57  Factory  
  23  4:59  SCV x2  
  25  5:02  Refinery  
  25  5:05  Refinery  
  25  5:11  SCV  
  25  5:12  Barracks Reactor  
  25  5:27  SCV  
  26  5:33  SCV  
  27  5:40  Factory  
  27  5:42  Factory Tech Lab  
  27  5:45  SCV  
  25  5:54  Engineering Bay  
  25  5:55  SCV  
  26  5:57  SCV  
  26  6:03  Siege Tank  
  29  6:05  Marine x2  
  29  6:07  SCV  
  29  6:09  SCV  
  32  6:20  SCV  
  33  6:27  SCV  
  34  6:33  Missile Turret  
  34  6:35  Factory  
  34  6:39  SCV, Factory Tech Lab  
  35  7:01  Missile Turret  
  35  7:06  Orbital Command  
  35  7:07  Marine x2  
  36  7:24  Marine  
  36  7:25  Marine, Orbital Command  
  38  7:47  Command Center  
  38  8:03  Armory  
  38  8:08  Factory Tech Lab  
  38  8:14  Marine  
  39  8:24  Supply Depot  
  39  8:28  Supply Depot  
  39  8:45  SCV  
  40  8:53  Command Center  
  40  8:58  Thor  
  46  9:07  SCV  
  46  9:08  Orbital Command  
  47  9:23  Thor  
  53  9:33  SCV  
  54  9:39  Refinery  
  54  9:42  SCV  
  56  9:45  Supply Depot, SCV  
  56  9:54  Marine x2, SCV  
  56  9:57  SCV  
  60  10:06  SCV  
  61  10:07  Thor  
  61  10:12  Marine x2  
  69  10:22  Supply Depot  
  69  10:24  SCV  
  70  10:37  Orbital Command  
  70  10:43  Thor  
  70  10:45  Supply Depot  
  70  10:47  Marine x2  
  78  11:03  SCV  
  79  11:08  Refinery  
  79  11:13  Thor  
  79  11:15  SCV  
  79  11:16  Thor  
  92  11:22  Supply Depot, SCV  
  92  11:24  SCV  
  94  11:33  SCV  
  95  11:45  SCV, Thor  
  102  11:49  Supply Depot  
  102  11:51  SCV  
  103  11:55  Terran Vehicle Weapons Level 1  
  103  11:57  SCV  
  103  12:00  Armory  
  104  12:03  SCV  
  104  12:07  Refinery  
  105  12:09  Thor  
  105  12:13  Supply Depot  
  111  12:30  SCV  
  111  12:36  Command Center  
  112  12:42  Supply Depot, SCV  
  113  12:51  Thor  
  113  12:52  Supply Depot, Factory  
  113  12:54  SCV  
  120  13:12  Thor x2  
  132  13:19  SCV  
  133  13:25  Terran Vehicle And Ship Armor Level 1  
  133  13:27  SCV  
  133  13:30  SCV  
  133  13:31  SCV  
  136  13:35  Supply Depot  
  136  13:37  Supply Depot  
  136  13:42  SCV  
  136  13:43  SCV  
  138  13:50  Starport  
  138  13:54  SCV  
  139  13:59  Supply Depot, Factory Tech Lab  
  139  14:04  Terran Vehicle Weapons Level 2  
  139  14:06  SCV  
  139  14:08  Orbital Command  
  140  14:11  SCV  
  141  14:23  Thor x2  
  141  14:24  SCV  
  154  14:25  Thor  
  160  14:47  Supply Depot  
  160  14:48  Supply Depot  
  160  14:51  Starport Reactor  
  160  14:58  Refinery  
  160  15:00  Refinery  
  160  15:09  Supply Depot  
  160  15:19  Thor  
Show
View Real Time Build Order
Export as new Build Order

Infamous Protoss 

Build Orders: 1 Gate Expand 

Get SALT Encoding   

  12  0:01  Probe  
  13  0:13  Probe  
  14  0:22  Pylon  
  14  0:47  Gateway  
  14  0:49  Probe (Chrono Boost)  
  15  1:00  Probe (Chrono Boost)  
  16  1:04  Probe (Chrono Boost)  
  16  1:09  Assimilator  
  17  1:16  Probe  
  18  1:33  Gateway  
  18  1:38  Nexus  
  18  1:41  Probe  
  19  2:01  Cybernetics Core  
  19  2:04  Probe  
  20  2:23  Probe  
  20  2:28  Assimilator  
  20  2:31  Pylon  
  20  2:34  Warp Gate (Chrono Boost)  
  20  2:35  Stalker (Chrono Boost)  
  20  2:41  Probe  
  23  2:49  Stalker (Chrono Boost)  
  23  2:50  Probe  
  26  2:55  Probe  
  27  3:04  Pylon  
  27  3:08  Stalker (Chrono Boost)  
  31  3:20  Stalker (Chrono Boost)  
  31  3:27  Robotics Facility  
  31  3:28  Probe  
  31  3:29  Probe  
  33  3:40  Probe  
  33  3:41  Probe  
  35  3:56  Probe x2  
  37  4:06  Pylon  
  37  4:12  Gateway  
  37  4:13  Immortal (Chrono Boost)  
  41  4:27  Probe x2  
  43  4:38  Pylon  
  43  4:41  Pylon  
  43  4:44  Forge  
  43  4:48  Immortal (Chrono Boost)  
  47  4:55  Probe x2  
  49  5:08  Stalker x2  
  53  5:15  Probe  
  53  5:16  Probe, Assimilator  
  55  5:27  Gateway  
  55  5:29  Immortal (Chrono Boost)  
  59  5:41  Probe x2  
  61  5:50  Zealot  
  61  5:51  Zealot x2  
  67  5:59  Robotics Bay  
  67  6:12  Assimilator  
  67  6:20  Sentry x3  
  73  6:28  Immortal (Chrono Boost)  
  77  6:35  Gateway  
  77  6:37  Gateway  
  77  7:07  Extended Thermal Lance (Chrono Boost)  
  77  7:09  Pylon  
  77  7:11  Pylon  
  77  7:15  Pylon  
  77  7:22  Protoss Ground Armor Level 1 (Chrono Boost)  
  77  7:23  Colossus (Chrono Boost)  
  77  7:25  Pylon  
  83  7:30  Pylon  
  83  7:34  Shield Battery  
  83  7:36  Photon Cannon  
  83  7:48  Stalker  
  83  7:49  Stalker x3  
  91  7:57  Twilight Council  
  91  8:04  Stalker  
  91  8:05  Stalker  
  95  8:26  Colossus, Forge  
  101  8:29  Probe  
  101  8:30  Probe  
  103  8:42  Stalker x2  
  103  8:45  Sentry x2  
  111  8:58  Stalker  
  111  8:59  Stalker  
  115  9:04  Protoss Ground Weapons Level 1 (Chrono Boost)  
  115  9:12  Pylon  
  115  9:15  Pylon  
  115  9:28  Immortal (Chrono Boost)  
  115  9:30  Protoss Ground Armor Level 2 (Chrono Boost)  
  119  9:41  Pylon  
  119  10:05  Stalker x2  
  119  10:06  Stalker x3  
  129  10:30  Probe x2  
  131  10:39  Blink (Chrono Boost)  
  129  11:21  Stalker  
  129  11:22  Stalker x5  
  133  11:32  Probe x2  
  129  11:43  Protoss Ground Armor Level 3 (Chrono Boost)  
  129  11:44  Probe  
  129  11:45  Probe  
  131  11:56  Probe, Protoss Ground Weapons Level 2 (Chrono Boost)  
  131  11:57  Probe, Pylon  
  131  11:59  Gateway  
  131  12:01  Gateway  
  133  12:09  Colossus (Chrono Boost)  
  139  12:25  Stalker  
  139  12:26  Stalker x2  
  141  12:42  Stalker x3  
  141  12:54  Photon Cannon  
  89  13:48  Stalker x3  
  59  13:49  Stalker x2  
  59  13:50  Stalker x3  
  73  14:02  Templar Archives  
  73  14:03  Probe x2  
  75  14:15  Probe  
  33  14:54  Nexus  
  33  14:56  Assimilator  
  33  14:58  Pylon, Assimilator  
Tags
 
Add a new tag
Caveats
  • Supply blocks, unpowered buildings, or Contaminate may cause inaccurate times.
  • Supply counts are checked every 10 seconds.